TOP OF THE 1ST |
Pennsauken Flyers batting - Pitching for Phoenix Hotspur Reserves : RHP Gabriel Hernández
|
Pitching: RHP Gabriel Hernández
|
|
Batting: LHB Vinski Prifti
|
0-0: Ground out 4-3 (Groundball, 4)
|
Batting: RHB Dave Stockman
|
0-0: Ball 1-0: Called Strike 1-1: Called Strike 1-2: Ball 2-2: Strikes out swinging
|
Batting: RHB José Rodríguez
|
0-0: Ball 1-0: Ball 2-0: Foul Ball, location: 2F 2-1: Ground out 6-3 (Groundball, 6)
|
Top of the 1st over - 0 run(s), 0 hit(s), 0 error(s), 0 left on base; Pennsauken 0 - Phoenix 0 |
BOTTOM OF THE 1ST |
Phoenix Hotspur Reserves batting - Pitching for Pennsauken Flyers : RHP Zach Rediker
|
Pitching: RHP Zach Rediker
|
|
Batting: RHB Wilson Castillo
|
0-0: Ball 1-0: Swinging Strike 1-1: Ball 2-1: Swinging Strike 2-2: Foul Ball, location: 2F 2-2: Ball 3-2: Foul Ball, location: 2F 3-2: Base on Balls
|
Batting: RHB Satoshi Terada
|
0-0: Ball 1-0: Ball Wilson Castillo steals 2nd base 2-0: Ball 3-0: Base on Balls
|
Batting: RHB Júlio Mateo
|
0-0: Ball 1-0: Called Strike 1-1: Ball 2-1: Fly out, F9 (Flyball, 9LS)
|
Batting: RHB Martín Martínez
|
0-0: Fly out, F7 (Line Drive, 7S)
|
Batting: SHB Roberto López
|
0-0: Called Strike 0-1: Fly out, F7 (Flyball, 78D)
|
Bottom of the 1st over - 0 run(s), 0 hit(s), 0 error(s), 2 left on base; Pennsauken 0 - Phoenix 0 |
TOP OF THE 2ND |
Pennsauken Flyers batting - Pitching for Phoenix Hotspur Reserves : RHP Gabriel Hernández
|
Batting: RHB Byron Isaacson
|
0-0: Ball 1-0: Swinging Strike 1-1: SINGLE (Groundball, 56) (infield hit)
|
Batting: LHB Ignacio Martínez
|
0-0: Ball 1-0: Fly out, F6 (Popup, 6MD)
|
Batting: SHB Nuygen Vuong
|
0-0: Ball 1-0: Ball 2-0: Called Strike 2-1: Ball Byron Isaacson steals 2nd base 3-1: Foul Ball, location: 2F 3-2: Strikes out looking
|
Batting: RHB Abdul-Fattah bin Najjar
|
0-0: Swinging Strike 0-1: Swinging Strike 0-2: Ball 1-2: Ground out 6-3 (Groundball, 6M)
|
Top of the 2nd over - 0 run(s), 1 hit(s), 0 error(s), 1 left on base; Pennsauken 0 - Phoenix 0 |
BOTTOM OF THE 2ND |
Phoenix Hotspur Reserves batting - Pitching for Pennsauken Flyers : RHP Zach Rediker
|
Batting: RHB Jesús Álvarez
|
0-0: SINGLE (Groundball, 34D)
|
Batting: RHB Javier González
|
0-0: Ball 1-0: Foul Ball, location: 2F 1-1: Ball 2-1: Ball 3-1: Base on Balls Jesús Álvarez to second
|
Batting: LHB Clark Espinosa
|
0-0: Ball 1-0: 3-RUN HOME RUN (Flyball, 89XD), Distance : 412 ft
|
Batting: LHB Derek Blair
|
0-0: Bunt for hit - play at first, batter OUT! 5-3
|
Batting: RHB Wilson Castillo
|
0-0: Ball 1-0: Ground out 5-3 (Groundball, 56)
|
Batting: RHB Satoshi Terada
|
0-0: Ball 1-0: Called Strike 1-1: Ball 2-1: Foul Ball, location: 2F 2-2: Fly out, F8 (Flyball, 8RM)
|
Bottom of the 2nd over - 3 run(s), 2 hit(s), 0 error(s), 0 left on base; Pennsauken 0 - Phoenix 3 |
TOP OF THE 3RD |
Pennsauken Flyers batting - Pitching for Phoenix Hotspur Reserves : RHP Gabriel Hernández
|
Batting: SHB Bob Lambert
|
0-0: Called Strike 0-1: Ball 1-1: Ground out 4-3 (Groundball, 4)
|
Batting: RHB Enrique Ibarra
|
0-0: Ball 1-0: SINGLE (Groundball, 25) (infield hit)
|
Batting: LHB Vinski Prifti
|
0-0: Foul Ball, location: 2F 0-1: Ball 1-1: Ball 2-1: SINGLE (Groundball, 34D) Enrique Ibarra to second Runner from 2nd tries for 3rd, SAFE, throw made to third
|
Batting: RHB Dave Stockman
|
0-0: Ball 1-0: Swinging Strike 1-1: Ball 2-1: Called Strike 2-2: Foul Ball, location: 2F 2-2: Ball 3-2: Strikes out swinging
|
Batting: RHB José Rodríguez
|
0-0: Ball 1-0: Ball 2-0: Foul Ball, location: 2F 2-1: Ball 3-1: Swinging Strike 3-2: Strikes out swinging
|
Top of the 3rd over - 0 run(s), 2 hit(s), 0 error(s), 2 left on base; Pennsauken 0 - Phoenix 3 |
BOTTOM OF THE 3RD |
Phoenix Hotspur Reserves batting - Pitching for Pennsauken Flyers : RHP Zach Rediker
|
Batting: RHB Júlio Mateo
|
0-0: SINGLE (Line Drive, 6M)
|
Batting: RHB Martín Martínez
|
0-0: Ball 1-0: Ball 2-0: Ball 3-0: Base on Balls Júlio Mateo to second
|
Batting: SHB Roberto López
|
0-0: Ball 1-0: Ball 2-0: Called Strike 2-1: SINGLE (Flyball, 8LS) Júlio Mateo to third Martín Martínez to second
|
Batting: RHB Jesús Álvarez
|
0-0: Grounds into double play, 6-4-3 (Groundball, 6) Júlio Mateo scores Martín Martínez to third
|
Batting: RHB Javier González
|
0-0: Ball 1-0: Ball 2-0: Called Strike 2-1: Called Strike 2-2: Strikes out looking
|
Bottom of the 3rd over - 1 run(s), 2 hit(s), 0 error(s), 1 left on base; Pennsauken 0 - Phoenix 4 |
TOP OF THE 4TH |
Pennsauken Flyers batting - Pitching for Phoenix Hotspur Reserves : RHP Gabriel Hernández
|
Batting: RHB Byron Isaacson
|
0-0: Ball 1-0: Fly out, F8 (Flyball, 8LM)
|
Batting: LHB Ignacio Martínez
|
0-0: Called Strike 0-1: Foul Ball, location: 2F 0-2: Ball 1-2: Ball 2-2: Foul Ball, location: 2F 2-2: Reached on error, E6 (Groundball, 6)
|
Batting: SHB Nuygen Vuong
|
0-0: Called Strike Ignacio Martínez is caught stealing 2nd base 0-1: Foul Ball, location: 2F 0-2: Foul Ball, location: 2F 0-2: Ball 1-2: Ball 2-2: Ball 3-2: Strikes out swinging
|
Top of the 4th over - 0 run(s), 0 hit(s), 1 error(s), 0 left on base; Pennsauken 0 - Phoenix 4 |
BOTTOM OF THE 4TH |
Phoenix Hotspur Reserves batting - Pitching for Pennsauken Flyers : RHP Zach Rediker
|
Batting: LHB Clark Espinosa
|
0-0: Swinging Strike 0-1: Hit by Pitch
|
Batting: LHB Derek Blair
|
0-0: Ball 1-0: Called Strike Clark Espinosa steals 2nd base 1-1: Ball 2-1: Ball 3-1: Fly out, F9 (Flyball, 9LM)
|
Batting: RHB Wilson Castillo
|
0-0: Ground out 6-3 (Groundball, 56)
|
Batting: RHB Satoshi Terada
|
0-0: Ball 1-0: Called Strike 1-1: Foul Ball, location: 2F 1-2: Foul Ball, location: 2F 1-2: SINGLE (Groundball, 34D) Clark Espinosa to third Runner from 3rd tries for Home, SAFE, no throw
|
Batting: RHB Júlio Mateo
|
0-0: Fielders Choice at 2nd, 5-4 (Groundball, 56)
|
Bottom of the 4th over - 1 run(s), 1 hit(s), 0 error(s), 0 left on base; Pennsauken 0 - Phoenix 5 |
TOP OF THE 5TH |
Pennsauken Flyers batting - Pitching for Phoenix Hotspur Reserves : RHP Gabriel Hernández
|
Batting: RHB Abdul-Fattah bin Najjar
|
0-0: Ground out 6-3 (Groundball, 6)
|
Batting: SHB Bob Lambert
|
0-0: Ball 1-0: Called Strike 1-1: Foul Ball, location: 2F 1-2: Foul Ball, location: 2F 1-2: Ball 2-2: Strikes out swinging
|
Batting: RHB Enrique Ibarra
|
0-0: Called Strike 0-1: Ball 1-1: Ball 2-1: Swinging Strike 2-2: Fly out, F5 (Popup, 5D)
|
Top of the 5th over - 0 run(s), 0 hit(s), 0 error(s), 0 left on base; Pennsauken 0 - Phoenix 5 |
BOTTOM OF THE 5TH |
Phoenix Hotspur Reserves batting - Pitching for Pennsauken Flyers : RHP Zach Rediker
|
Batting: RHB Martín Martínez
|
0-0: Ball 1-0: Swinging Strike 1-1: Swinging Strike 1-2: Strikes out swinging
|
Batting: SHB Roberto López
|
0-0: Foul Ball, location: 2F 0-1: Ball 1-1: Ground out 3-1 (Groundball, 34)
|
Batting: RHB Jesús Álvarez
|
0-0: Ball 1-0: Ball 2-0: Ball 3-0: Base on Balls
|
Batting: RHB Javier González
|
0-0: Ball 1-0: Foul Ball, location: 2F 1-1: Ball 2-1: Ball 3-1: Called Strike 3-2: Ground out 5-3 (Groundball, 56)
|
Bottom of the 5th over - 0 run(s), 0 hit(s), 0 error(s), 1 left on base; Pennsauken 0 - Phoenix 5 |
TOP OF THE 6TH |
Pennsauken Flyers batting - Pitching for Phoenix Hotspur Reserves : RHP Gabriel Hernández
|
Batting: LHB Vinski Prifti
|
0-0: Ball 1-0: Ball 2-0: Called Strike 2-1: Ball 3-1: Fly out, F4 (Line Drive, 4)
|
Batting: RHB Dave Stockman
|
0-0: Called Strike 0-1: Fly out, F7 (Flyball, 7)
|
Batting: RHB José Rodríguez
|
0-0: Called Strike 0-1: Ball 1-1: Ball 2-1: Fly out, F6 (Popup, 4MD)
|
Top of the 6th over - 0 run(s), 0 hit(s), 0 error(s), 0 left on base; Pennsauken 0 - Phoenix 5 |
BOTTOM OF THE 6TH |
Phoenix Hotspur Reserves batting - Pitching for Pennsauken Flyers : RHP Zach Rediker
|
Batting: LHB Clark Espinosa
|
0-0: Ball 1-0: Ball 2-0: Swinging Strike 2-1: Fly out, F8 (Flyball, 8RM)
|
Batting: LHB Derek Blair
|
0-0: Swinging Strike 0-1: Called Strike 0-2: Ball 1-2: Ball 2-2: Foul Ball, location: 2F 2-2: Strikes out swinging
|
Batting: RHB Wilson Castillo
|
0-0: Ball 1-0: Called Strike 1-1: Ball 2-1: Ball 3-1: Base on Balls
|
Pitching: RHP Pedro Aguilar
|
|
Batting: RHB Satoshi Terada
|
0-0: Ground out 1-3 (Groundball, 15)
|
Bottom of the 6th over - 0 run(s), 0 hit(s), 0 error(s), 1 left on base; Pennsauken 0 - Phoenix 5 |
TOP OF THE 7TH |
Pennsauken Flyers batting - Pitching for Phoenix Hotspur Reserves : RHP Gabriel Hernández
|
Batting: RHB Byron Isaacson
|
0-0: Ball 1-0: Ball 2-0: Ball 3-0: Called Strike 3-1: DOUBLE (Groundball, 3L)
|
Pitching: RHP Jim Unknown
|
|
Batting: LHB Ignacio Martínez
|
0-0: Ball 1-0: Ball 2-0: Called Strike 2-1: Called Strike 2-2: Strikes out swinging
|
Batting: SHB Nuygen Vuong
|
0-0: Ball Wild Pitch! Byron Isaacson to third 1-0: Ground out 1-3 (Groundball, 13S)
|
Batting: RHB Abdul-Fattah bin Najjar
|
0-0: Ball 1-0: Foul Ball, location: 2F 1-1: Called Strike 1-2: Strikes out swinging, 2-3 out at first.
|
Top of the 7th over - 0 run(s), 1 hit(s), 0 error(s), 1 left on base; Pennsauken 0 - Phoenix 5 |
BOTTOM OF THE 7TH |
Phoenix Hotspur Reserves batting - Pitching for Pennsauken Flyers : RHP Pedro Aguilar
|
Batting: RHB Júlio Mateo
|
0-0: Ball 1-0: Ball 2-0: Swinging Strike 2-1: Foul Ball, location: 2F 2-2: Foul Ball, location: 2F 2-2: Strikes out looking
|
Batting: RHB Martín Martínez
|
0-0: Swinging Strike 0-1: Fly out, F5 (Line Drive, 5L)
|
Batting: SHB Roberto López
|
0-0: Called Strike 0-1: Fly out, F6 (Popup, 56D)
|
Bottom of the 7th over - 0 run(s), 0 hit(s), 0 error(s), 0 left on base; Pennsauken 0 - Phoenix 5 |
TOP OF THE 8TH |
Pennsauken Flyers batting - Pitching for Phoenix Hotspur Reserves : RHP Jim Unknown
|
Now at 1B: Pepe Reyes
|
|
Now at 3B: Bob Curry
|
|
Batting: SHB Bob Lambert
|
0-0: Ball 1-0: Ball 2-0: Called Strike 2-1: Foul Ball, location: 2F 2-2: SINGLE (Flyball, 78S)
|
Batting: RHB Enrique Ibarra
|
0-0: Called Strike 0-1: Foul Ball, location: 2F 0-2: Strikes out swinging
|
Batting: LHB Vinski Prifti
|
0-0: Called Strike 0-1: Fly out, F8 (Line Drive, 8RD) Runner from 1st tags up, SAFE at 2nd
|
Batting: RHB Dave Stockman
|
0-0: Called Strike 0-1: Ball 1-1: Foul Ball, location: 2F 1-2: Ball 2-2: Ball 3-2: Ground out 4-3 (Groundball, 4)
|
Top of the 8th over - 0 run(s), 1 hit(s), 0 error(s), 1 left on base; Pennsauken 0 - Phoenix 5 |
BOTTOM OF THE 8TH |
Phoenix Hotspur Reserves batting - Pitching for Pennsauken Flyers : RHP Pedro Aguilar
|
Batting: RHB Jesús Álvarez
|
0-0: Called Strike 0-1: Foul Ball, location: 2F 0-2: Strikes out swinging
|
Batting: RHB Javier González
|
0-0: Ball 1-0: Ball 2-0: Ball 3-0: Base on Balls
|
Batting: LHB Clark Espinosa
|
0-0: Ball 1-0: Fly out, F8 (Flyball, 8LS)
|
Batting: LHB Derek Blair
|
0-0: Ball Javier González steals 2nd base 1-0: Fly out, F8 (Flyball, 8LM)
|
Bottom of the 8th over - 0 run(s), 0 hit(s), 0 error(s), 1 left on base; Pennsauken 0 - Phoenix 5 |
TOP OF THE 9TH |
Pennsauken Flyers batting - Pitching for Phoenix Hotspur Reserves : RHP Jim Unknown
|
Now in CF: Billy Strauss
|
|
Batting: RHB José Rodríguez
|
0-0: Ball 1-0: Swinging Strike 1-1: Ball 2-1: Called Strike 2-2: Foul Ball, location: 2F 2-2: Ball 3-2: Foul Ball, location: 2F 3-2: Strikes out swinging
|
Batting: RHB Byron Isaacson
|
0-0: Ground out 6-3 (Groundball, 6)
|
Batting: LHB Ignacio Martínez
|
0-0: Ball 1-0: Ball 2-0: Swinging Strike 2-1: Called Strike 2-2: Foul Ball, location: 2F 2-2: Strikes out swinging
|
Top of the 9th over - 0 run(s), 0 hit(s), 0 error(s), 0 left on base; Pennsauken 0 - Phoenix 5 |
|